 Dungeon Crawl Stone Soup version 0.21.1-1-g345015f (webtiles) character file.

11510 diana the Basher (level 11, -11/87 HPs)
             Began as a Demonspawn Gladiator on June 26, 2018.
             Was the Champion of Cheibriados.
             Mangled by a cyclops (26 damage)
             ... on level 11 of the Dungeon.
             The game lasted 00:21:25 (9388 turns).

diana the Basher (Demonspawn Gladiator)             Turns: 9388, Time: 00:21:27

Health: -11/87     AC: 17    Str: 37    XL:     11   Next: 50%
Magic:  16/16      EV: 12    Int: 26    God:    Cheibriados [******]
Gold:   644        SH:  0    Dex: 39    Spells: 4/13 levels left

rFire    x . .     SeeInvis .   L - +6 morningstar of Pandemonium {flame, rPois Str+4 Int+2}
rCold    + . .     Gourm    .   (no shield)
rNeg     . . .     Faith    .   H - +1 chain mail of the Dice {Dex+2}
rPois    +         Spirit   .   D - +0 hat of Courage {rPois Dex+4}
rElec    .         Reflect  .   (no cloak)
rCorr    .         Harm     .   I - +1 pair of gloves {Dex+3}
MR       .....                  (no boots)
Stlth    ..........             (no amulet)
HPRegen  0.24/turn              t - ring of ice
MPRegen  0.15/turn              (no ring)

@: very slow
A: talons 2, iridescent scales 2, demonic guardian 1, foul stench 2, rot
immunity
a: Bend Time, Temporal Distortion, Slouch, Step From Time, Renounce Religion


You were on level 11 of the Dungeon.
You worshipped Cheibriados.
Cheibriados was exalted by your worship.
You were very hungry.

You visited 2 branches of the dungeon, and saw 12 of its levels.

You collected 861 gold pieces.
You spent 217 gold pieces at shops.

Inventory:

Hand Weapons
 a - a +0 flail
 L - the +6 morningstar of Pandemonium (weapon) {flame, rPois Str+4 Int+2}
   (You found it on level 7 of the Dungeon)

   It has been specially enchanted to burn those struck by it, causing extra
   injury to most foes and up to half again as much damage against particularly
   susceptible opponents.
   It affects your strength (+4).
   It affects your intelligence (+2).
   It protects you from poison.
Missiles
 d - 7 throwing nets (quivered)
Armour
 D - the +0 hat of Courage (worn) {rPois Dex+4}
   (You found it on level 10 of the Dungeon)

   It affects your dexterity (+4).
   It protects you from poison.
 H - the +1 chain mail of the Dice (worn) {Dex+2}
   (You took it off a wight on level 11 of the Dungeon)

   It affects your dexterity (+2).
 I - a +1 pair of gloves of dexterity (worn)
 V - a +0 shield
Jewellery
 t - a ring of ice (left hand)
 F - an uncursed amulet of regeneration
 Z - an uncursed ring of positive energy {unknown}
Wands
 e - a wand of iceblast (15)
 w - a wand of enslavement (14)
 M - a wand of flame (47)
 Q - a wand of acid (11)
 S - a wand of paralysis (13)
 U - a wand of clouds (4)
Scrolls
 j - 3 scrolls of amnesia {unknown}
 k - 3 scrolls of immolation
 m - 6 scrolls of teleportation
 o - a scroll of fog {unknown}
 p - 2 scrolls of blinking
 q - 2 scrolls of enchant armour {unknown}
 u - 2 scrolls of noise {unknown}
 x - 4 scrolls of remove curse
 y - 3 scrolls of enchant weapon {unknown}
 z - 2 scrolls of random uselessness {unknown}
 C - 3 scrolls of magic mapping {unknown}
 W - a scroll of torment {unknown}
 Y - a scroll of fear {unknown}
Potions
 g - 2 potions of agility
 h - 3 potions of brilliance
 i - a potion of heal wounds
 l - 2 potions of resistance
 n - 4 potions of magic
 r - 4 potions of flight
 s - 4 potions of lignification
 A - 2 potions of mutation {unknown}
 E - 2 potions of might
 G - a potion of cancellation {unknown}
 J - 3 potions of ambrosia {unknown}
 N - 2 potions of invisibility
 O - 3 potions of curing {unknown}
 R - 2 potions of berserk rage {unknown}
Books
 v - a book of Necromancy

   Spells                             Type                      Level
   a - Pain                           Necromancy                   1
   b - Animate Skeleton               Necromancy                   1
   c - Vampiric Draining              Necromancy                   3
   d - Regeneration                   Charms/Necromancy            3
   e - Animate Dead                   Necromancy                   4
   f - Borgnjor's Vile Clutch         Necromancy/Earth             5
 K - a book of Clouds

   Spells                             Type                      Level
   a - Poisonous Vapours              Poison/Air                   2
   b - Mephitic Cloud                 Conjuration/Poison/Air       3
   c - Conjure Flame                  Conjuration/Fire             3
   d - Freezing Cloud                 Conjuration/Ice/Air          6
   e - Ring of Flames                 Charms/Fire                  7
 T - a book of Minor Magic

   Spells                             Type                      Level
   a - Magic Dart                     Conjuration                  1
   b - Blink                          Translocation                2
   c - Call Imp                       Summoning                    2
   d - Slow                           Hexes                        2
   e - Conjure Flame                  Conjuration/Fire             3
   f - Mephitic Cloud                 Conjuration/Poison/Air       3
 X - a book of Conjurations

   Spells                             Type                      Level
   a - Magic Dart                     Conjuration                  1
   b - Searing Ray                    Conjuration                  2
   c - Dazzling Spray                 Conjuration/Hexes            3
   d - Fulminant Prism                Conjuration/Hexes            4
   e - Force Lance                    Conjuration/Translocation    4
   f - Iskenderun's Mystic Blast      Conjuration                  4
Comestibles
 f - 18 rations


   Skills:
 * Level 8.9 Fighting
 + Level 12.4 Maces & Flails
 - Level 1.7 Throwing
 + Level 5.4 Armour
 - Level 2.6 Dodging
 + Level 1.8 Spellcasting
 * Level 7.9 Invocations


You had 4 spell levels left.
You knew the following spells:

 Your Spells              Type           Power        Failure   Level  Hunger
a - Mephitic Cloud        Conj/Pois/Air  #.......     75%         3    ###....
b - Freezing Cloud        Conj/Ice/Air   #.........   100%        6    #######


Dungeon Overview and Level Annotations

Branches:
Dungeon (11/15)            Temple (1/1) D:6             Orc (0/2) D:10
   Lair: D:8-11

Altars:
Ashenzari
Cheibriados
Dithmenos
Fedhas
Gozag
Hepliaklqana
Kikubaaqudgha
Makhleb
Nemelex Xobeh
Xom
Zin
Beogh

Shops:
D:5 *


Innate Abilities, Weirdness & Mutations

You have razor-sharp toenails.
You are mostly covered in iridescent scales. (AC +4)
A weak demonic guardian rushes to your aid.
You frequently emit foul miasma when damaged in melee.
You are immune to rotting.


Message History

Your ufetubus hits the cyclops.
Your ufetubus hits the cyclops but does no damage.
Your ufetubus hits the cyclops.
Your ufetubus hits the cyclops but does no damage. x3
The cyclops throws a large rock.
The large rock hits you.
Things that are here:
a large rock; a wolf corpse Your ufetubus hits the cyclops but does no damage.
Your ufetubus hits the cyclops.
The electric eel shoots out a bolt of lightning at you!
The bolt of electricity hits you!
The electric eel shoots out a bolt of lightning at you!
The bolt of electricity hits you!
* * * LOW HITPOINT WARNING * * *
Your ufetubus hits the cyclops. x2
The electric eel shoots out a bolt of lightning at you!
The bolt of electricity hits you!
* * * LOW HITPOINT WARNING * * *
The cyclops hits you!!
You die...

........≈≈≈≈≈.≈.
.......;;..≈≈...
................
.......(................
.........# #.........#
#####.)†# #.........#
#(..# #.........# #.C)#
#.........#
#.5@#####.........#
#####...((.........<..#
........†..............#
+########....#####.....##
#....#...'.......
#....#...#.......
#....#...#.......
###....#####.......
(...................


You could see a cyclops, 2 electric eels and a friendly ufetubus.

Vanquished Creatures
  A hydra (D:8)
  2 two-headed ogres (D:10)
  2 deep elf magi (D:10)
  A manticore (D:11)
  The ghost of w0lly the Slasher, a novice DsBe of Trog (D:5)
  A troll (D:11)
  A meliai zombie (D:11)
  Grinder (D:3)
  A spriggan (D:7)
  A water elemental (D:11)
  5 yaks (D:9)
  A soldier ant (D:10)
  2 water moccasins
  A swamp drake (D:10)
  3 ice beasts
  2 black bears
  2 necrophages (D:9)
  6 orc warriors
  A phantom (D:10)
  A sky beast (D:9)
  6 ogres
  3 wolves (D:11)
  6 centaurs
  A big kobold (D:9)
  Blork the orc (D:5)
  3 gnoll sergeants
  A scorpion (D:5)
  6 wights (D:11)
  11 killer bees
  A vampire bat (D:7)
  3 howler monkeys (D:10)
  2 electric eels (D:6)
  6 crimson imps
  4 bullfrog zombies
  A jelly (D:10)
  4 orc priests
  14 hounds
  A bullfrog skeleton (D:6)
  A gnoll shaman (D:9)
  An iron imp (D:10)
  A centaur skeleton (D:5)
  Natasha (twice) (D:3)
  10 orc wizards
  5 worker ants
  2 killer bee zombies
  A hound zombie (D:5)
  A hound skeleton (D:5)
  A worker ant zombie (D:5)
  A howler monkey skeleton (D:6)
  8 adders
  16 gnolls
  3 shadow imps
  A white imp (D:10)
  2 oozes
  3 adder zombies
  3 adder skeletons
  3 worms
  8 dart slugs
  6 leopard geckos
  51 orcs
  4 ball pythons
  3 bat skeletons (D:7)
  2 bat zombies (D:7)
  4 giant cockroaches
  10 goblins
  15 hobgoblins
  5 quokkas
  9 bats
  2 frilled lizards
  A jackal skeleton (D:5)
  A jackal zombie (D:5)
  5 kobolds
  A leopard gecko skeleton (D:4)
  A leopard gecko zombie (D:5)
  3 quokka skeletons
  A quokka zombie (D:5)
  8 rats
  A plant (D:9)
316 creatures vanquished.

Vanquished Creatures (collateral kills)
  Joseph (D:9)
  A hungry ghost (D:8)
  An ogre (D:4)
  A killer bee (D:7)
  An orc priest (D:9)
  An orc wizard (D:8)
  An adder zombie (D:5)
  A dart slug (D:6)
  5 orcs (D:10)
  4 hobgoblins
  A kobold (D:3)
  A quokka (D:5)
  A leopard gecko zombie (D:5)
20 creatures vanquished.

Vanquished Creatures (others)
  An orc (D:10)
1 creature vanquished.

Grand Total: 337 creatures vanquished

Notes
Turn   | Place    | Note
-------+----------+-------------------------------------------
     0 | D:1      | diana the Demonspawn Gladiator began the quest for the Orb.
     0 | D:1      | Reached XP level 1. HP: 16/16 MP: 1/1
   126 | D:1      | Reached skill level 3 in Maces & Flails
   185 | D:1      | Gained mutation: You have sharp toenails. [demonic ancestry]
   185 | D:1      | Reached XP level 2. HP: 19/22 MP: 2/2
   668 | D:2      | Gained mutation: You are partially covered in iridescent scales. (AC +2) [demonic ancestry]
   668 | D:2      | Reached XP level 3. HP: 20/27 MP: 3/3
   880 | D:2      | Reached skill level 4 in Maces & Flails
  1111 | D:2      | Reached XP level 4. HP: 31/33 MP: 4/4
  1665 | D:3      | Reached skill level 5 in Maces & Flails
  1880 | D:3      | Noticed Natasha
  1885 | D:3      | Killed Natasha
  1885 | D:3      | Gained mutation: A weak demonic guardian rushes to your aid. [demonic ancestry]
  1885 | D:3      | Reached XP level 5. HP: 37/38 MP: 5/5
  1894 | D:3      | Noticed Grinder
  1894 | D:3      | Noticed Natasha
  1898 | D:3      | Paralysed by Grinder for 6 turns
  1910 | D:3      | Killed Natasha
  1910 | D:3      | Paralysed by Grinder for 7 turns
  1920 | D:3      | Killed Grinder
  1920 | D:3      | Reached skill level 6 in Maces & Flails
  1920 | D:3      | Gained mutation: You have razor-sharp toenails. [demonic ancestry]
  1920 | D:3      | Reached XP level 6. HP: 16/44 MP: 6/6
  2461 | D:4      | Reached skill level 7 in Maces & Flails
  2557 | D:4      | Gained mutation: You are immune to rotting. [demonic ancestry]
  2557 | D:4      | Reached XP level 7. HP: 38/50 MP: 7/7
  3028 | D:5      | Entered Level 5 of the Dungeon
  3111 | D:5      | Reached skill level 8 in Maces & Flails
  3133 | D:5      | Noticed Blork the orc
  3140 | D:5      | Killed Blork the orc
  3350 | D:5      | Reached skill level 9 in Maces & Flails
  3350 | D:5      | Reached XP level 8. HP: 30/56 MP: 8/8
  3532 | D:5      | Noticed w0lly's ghost (novice DsBe)
  3666 | D:5      | Killed w0lly's ghost
  3927 | D:5      | Found Plog's Assorted Antiques.
  3942 | D:5      | Bought a pair of embroidered gloves for 217 gold pieces
  4083 | D:6      | Reached skill level 10 in Maces & Flails
  4365 | D:6      | Found a staircase to the Ecumenical Temple.
  4395 | Temple   | Entered the Ecumenical Temple
  4414 | Temple   | Became a worshipper of Cheibriados the Contemplative
  4486 | D:6      | Found a burning altar of Makhleb.
  4488 | D:6      | Found a glowing silver altar of Zin.
  4488 | D:6      | Noticed an angel
  4488 | D:6      | Noticed an Executioner
  4719 | D:7      | Got a pitted morningstar
  4720 | D:7      | Identified the +6 morningstar of Pandemonium {flame, rPois Str+4 Int+2} (You found it on level 7 of the Dungeon)
  4768 | D:7      | Reached * piety under Cheibriados
  4768 | D:7      | Reached skill level 11 in Maces & Flails
  4768 | D:7      | Gained mutation: You may emit foul miasma when damaged in melee. [demonic ancestry]
  4768 | D:7      | Reached XP level 9. HP: 59/61 MP: 9/9
  4879 | D:7      | Found an ancient bone altar of Kikubaaqudgha.
  5229 | D:7      | Reached ** piety under Cheibriados
  5703 | D:8      | Reached skill level 1 in Armour
  5743 | D:8      | Noticed a six-headed hydra
  5746 | D:8      | Killed a six-headed hydra
  5839 | D:8      | Reached skill level 5 in Fighting
  5909 | D:8      | Found an opulent altar of Gozag.
  6143 | D:8      | Found a shadowy altar of Dithmenos.
  6310 | D:9      | Reached *** piety under Cheibriados
  6310 | D:9      | Gained mutation: You frequently emit foul miasma when damaged in melee. [demonic ancestry]
  6310 | D:9      | Reached XP level 10. HP: 56/76 MP: 10/10
  6418 | D:9      | Found a blossoming altar of Fedhas.
  6503 | D:9      | Found a shattered altar of Ashenzari.
  6602 | D:9      | Noticed Joseph
  6617 | D:9      | Killed Joseph
  6910 | D:9      | Reached skill level 1 in Invocations
  6912 | D:9      | Reached **** piety under Cheibriados
  6919 | D:9      | Reached skill level 12 in Maces & Flails
  8109 | D:10     | Entered Level 10 of the Dungeon
  8156 | D:10     | Learned a level 3 spell: Mephitic Cloud
  8163 | D:10     | Learned a level 6 spell: Freezing Cloud
  8248 | D:10     | Reached ***** piety under Cheibriados
  8316 | D:10     | Noticed a two-headed ogre
  8323 | D:10     | Killed a two-headed ogre
  8323 | D:10     | Reached skill level 5 in Invocations
  8381 | D:10     | Found a staircase to the Orcish Mines.
  8479 | D:10     | Found a roughly hewn altar of Beogh.
  8662 | D:10     | Noticed a two-headed ogre
  8666 | D:10     | Killed a two-headed ogre
  8666 | D:10     | Gained mutation: You are mostly covered in iridescent scales. (AC +4) [demonic ancestry]
  8666 | D:10     | Reached XP level 11. HP: 86/86 MP: 15/15
  8818 | D:10     | Reached skill level 5 in Armour
  8987 | D:10     | Noticed a deep elf mage
  8988 | D:10     | Noticed a deep elf mage
  8995 | D:10     | Killed a deep elf mage
  9004 | D:10     | Killed a deep elf mage
  9004 | D:10     | Reached ****** piety under Cheibriados
  9082 | D:10     | Got a smoking hat
  9093 | D:10     | Identified the +0 hat of Courage {rPois Dex+4} (You found it on level 10 of the Dungeon)
  9232 | D:11     | Reached skill level 1 in Spellcasting
  9281 | D:11     | Got a faintly humming chain mail
  9311 | D:11     | Identified the +1 chain mail of the Dice {Dex+2} (You took it off a wight on level 11 of the Dungeon)
  9388 | D:11     | Mangled by a cyclops

Skill      XL: |  1  2  3  4  5  6  7  8  9 10 11 |
---------------+----------------------------------+-----
Maces & Flails | 3 4 5 6 7 9 11 12 | 12.4
Armour         | 3 4 5 |  5.4
Fighting       | 5 8 |  8.9
Invocations    | 6 7 |  7.9
Spellcasting   | 1 |  1.8
Throwing       | |  1.7
Dodging        | |  2.6

Action                   |  1- 3 |  4- 6 |  7- 9 | 10-12 || total
-------------------------+-------+-------+-------+-------++-------
Melee: Flail             |    91 |    81 |   242 |       ||   414
       Kick              |    22 |    17 |   112 |   103 ||   254
       Morningstar       |       |       |   108 |   250 ||   358
Throw: Throwing net      |       |       |     1 |       ||     1
Evoke: Wand              |       |       |     1 |       ||     1
  Use: Scroll            |       |     9 |       |     7 ||    16
       Potion            |       |     3 |     3 |       ||     6
 Stab: Sleeping          |     3 |       |       |     1 ||     4
       Distracted        |       |       |     4 |     4 ||     8
       Paralysed         |       |       |     2 |       ||     2
  Eat: Chunk             |       |     5 |    11 |     4 ||    20
Armor: Leather armour    |    33 |     8 |       |       ||    41
       Ring mail         |       |    25 |   128 |    78 ||   231
       Chain mail        |       |       |       |    36 ||    36
Dodge: Dodged            |    60 |    53 |   198 |   209 ||   520
